 Dungeon Crawl Stone Soup version 0.31-a0-145-g046c7d2549 (webtiles) character file.

Game seed: 18266250491965063410

814 billz9 the Shooter (level 7, -2/39 HPs)
             Began as a Gargoyle Earth Elementalist on June 4, 2023.
             Was an Initiate of Gozag.
             Slain by Dowan
             ... wielding a +0 dagger
              (4 damage)
             ... on level 5 of the Dungeon.
             The game lasted 00:08:31 (3859 turns).

billz9 the Shooter (Gargoyle Earth Elementalist)    Turns: 3859, Time: 00:08:32

Health: -2/39      AC:  6    Str: 14 (15) XL:     7   Next: 93%
Magic:  1/11       EV: 11    Int: 16 (17) God:    Gozag
Gold:   191        SH:  0    Dex:  8 (9)  Spells: 8/12 levels left

rFire   . . .        h - +0 arbalest
rCold   . . .        (shield currently unavailable)
rNeg    + . .        a - +0 robe
rPois   ∞            (helmet restricted)
rElec   +            (no cloak)
rCorr   .            (no gloves)
SInv    .            (no boots)
Will    .....        (no amulet)
Stlth   ++           (no ring)
HPRegen 0.26/turn    (no ring)
MPRegen 0.12/turn

%: no passive effects
@: brilliant, attractive
A: sickness immunity, AC +4, negative energy resistance 1, electricity
resistance, torment resistance 1, petrification resistance, horns 1, robust 1,
strong 1
a: Renounce Religion, Potion Petition, Call Merchant, Bribe Branch


You were on level 5 of the Dungeon.
You worshipped Gozag.
Gozag was aware of your devotion.
You visited 2 branches of the dungeon, and saw 6 of its levels.

You collected 239 gold pieces.
You paid 48 gold pieces to Gozag.

Inventory:

Hand Weapons
 c - a +0 dagger
 h - a +0 arbalest (weapon)
 j - the +5 woodcutter's axe
   (You found it on level 2 of the Dungeon)
Armour
 a - a +0 robe (worn)
 q - a +0 pair of gloves
Magical Staves
 t - a staff of conjuration
Jewellery
 r - an amulet of magic regeneration
 u - a +6 ring of dexterity
Wands
 m - a wand of flame (28)
 v - a wand of digging (6)
Scrolls
 e - a scroll of magic mapping
 f - 3 scrolls of identify
 g - a scroll of vulnerability
 k - 2 scrolls of enchant armour {unknown}
 n - 2 scrolls of teleportation {unknown}
 o - a scroll of fog {unknown}
 p - 2 scrolls of torment {unknown}
Potions
 b - a potion of magic
 i - a potion of attraction


   Skills:
 * Level 6.0 Ranged Weapons
 - Level 1.6 Dodging
 - Level 2.3 Stealth
 - Level 3.3 Spellcasting
 - Level 4.0 Conjurations
 - Level 0.9 Transmutations
 - Level 5.1 Earth Magic


You had 8 spell levels left.
You knew the following spells:

 Your Spells              Type           Power      Damage    Failure   Level
a - Sandblast             Erth           56%        2d13      2%          1
b - Stone Arrow           Conj/Erth      50%        3d10      9%          3

Your spell library contained the following spells:

 Spells                   Type           Power      Damage    Failure   Level
 Magic Dart               Conj           92%        1d7       3%          1
 Searing Ray              Conj           46%        2d6       5%          2
 Passwall                 Tmut/Erth      15%        N/A       8%          2
 Petrify                  Tmut/Erth      18%        N/A       45%         4
 Fulminant Prism          Conj/Hex       6%         3d7       63%         4


Dungeon Overview and Level Annotations

Branches:
Dungeon (5/15)             Temple (1/1) D:4

Altars:
Cheibriados
Dithmenos
Elyvilon
Fedhas
Gozag
Hepliaklqana
Makhleb
Nemelex Xobeh
Okawaru
Qazlal
Ru
Trog
Uskayaw
Wu Jian
Xom
Yredelemnul
Zin
The Shining One

Shops:
D:1 ?

Annotations:
D:5 Dowan


Innate Abilities, Weirdness & Mutations

You are immune to sickness and miasma.
Your stone body is resilient. (AC +4)
You are immune to poison.
You resist negative energy. (rN+)
You are resistant to electric shocks. (rElec)
You are resistant to unholy torment.
You are immune to petrification.
You have a pair of small horns on your head.
You are robust. (+10% HP)
Your muscles are strong. (Str +4, Int/Dex -1)


Message History

Dowan hits you with a +0 dagger. The centaur barely misses you.
The centaur kicks you but does no damage.
It was a potion of attraction.
You feel attractive to monsters. Dowan misses you.
The centaur hits you but does no damage.
The centaur completely misses you. Dowan barely misses you.
The centaur hits you.
* * * LOW HITPOINT WARNING * * *
The centaur kicks you.
* * * LOW HITPOINT WARNING * * *
It was a potion of degeneration.
There was something very wrong with that liquid.
You feel weakened.
You feel dopey.
You feel clumsy. Dowan hits you with a +0 dagger.
* * * LOW HITPOINT WARNING * * *
The centaur closely misses you. The centaur kicks you.
* * * LOW HITPOINT WARNING * * *
It was a potion of mutation.
You feel extremely strange.
You feel robust.
You feel stronger. A pair of horns grows on your head! Dowan barely misses you.
The centaur barely misses you. The centaur completely misses you.
Dowan hits you but does no damage. The centaur closely misses you.
The centaur kicks you.
* * * LOW HITPOINT WARNING * * *
Unknown command.
It was a potion of brilliance.
You feel clever all of a sudden. Dowan barely misses you.
The centaur barely misses you.
The centaur kicks you but does no damage.
Casting: Sandblast (safe; 2% risk of failure)
Confirm with . or Enter, or press ? or * to list all spells.
Aiming: Sandblast (safe; 2% risk of failure)
Press: ? - help, Shift-Dir - straight line, f/p - centaur
Aim: a centaur (severely wounded, 90% to hit)
You feel a surge of power!
The blast of sand misses the centaur.
Dowan hits you but does no damage. The centaur hits you.
* * * LOW HITPOINT WARNING * * *
The centaur barely misses you. Dowan hits you with a +0 dagger.
You die...
Your body crumbles into a pile of gold.

##############
#............#
#............#
#............#
####............#
##...............#
#...#............#
###....e...........#
.......c@.........###
.......#########....#
......( #..#.#
.....## ###.####.#
..... ........># ....
.....###.# ...
.###.....#


.ce #####.# #.# You could see Dowan (fast) and a centaur.

Vanquished Creatures
  Duvessa (D:5)
  An ogre (D:4)
  A gnoll sergeant (D:2)
  2 scorpions
  2 orc priests
  A sleepcap (D:4)
  Jessica (D:3)
  Ijyb (D:3)
  An iguana (D:5)
  Robin (D:4)
  9 gnolls
  6 adders
  2 ufetubi (D:5)
  3 worms
  2 dart slugs
  8 orcs
  8 ball pythons
  6 bats
  10 endoplasms
  8 giant cockroaches
  13 goblins
  6 hobgoblins
  4 jackals
  2 quokkas (D:3)
  6 frilled lizards
  8 kobolds
  4 rats
117 creatures vanquished.

Notes
Turn   | Place    | Note
-------+----------+-------------------------------------------
     0 | D:1      | billz9 the Gargoyle Earth Elementalist began the quest for
                  | the Orb.
     0 | D:1      | Reached XP level 1. HP: 10/10 MP: 3/3
    29 | D:1      | Found Rumec's Magic Scroll Shop.
   349 | D:1      | Reached XP level 2. HP: 15/15 MP: 3/5
   952 | D:1      | Found a faded altar of an unknown god.
  1014 | D:1      | Reached XP level 3. HP: 19/19 MP: 1/6
  1315 | D:2      | Reached skill level 1 in Ranged Weapons
  1315 | D:2      | Reached XP level 4. HP: 24/24 MP: 6/8
  1342 | D:2      | Noticed a gnoll sergeant
  1343 | D:2      | Found the +5 woodcutter's axe
  1348 | D:2      | Killed a gnoll sergeant
  1349 | D:2      | Reached XP level 5. HP: 28/28 MP: 5/9
  1434 | D:2      | Reached skill level 5 in Earth Magic
  1474 | D:2      | Reached skill level 2 in Ranged Weapons
  1482 | D:2      | Learned a level 3 spell: Stone Arrow
  1948 | D:3      | Noticed Ijyb
  1956 | D:3      | Killed Ijyb
  1957 | D:3      | Reached skill level 1 in Conjurations
  2081 | D:3      | Reached skill level 3 in Ranged Weapons
  2081 | D:3      | Reached XP level 6. HP: 31/32 MP: 8/10
  2123 | D:3      | Found a blossoming altar of Fedhas.
  2213 | D:3      | Noticed Jessica
  2216 | D:3      | Killed Jessica
  2863 | D:4      | Noticed Robin
  2953 | D:4      | Killed Robin
  2954 | D:4      | Reached skill level 4 in Ranged Weapons
  3071 | D:4      | Reached XP level 7. HP: 36/36 MP: 7/11
  3280 | D:4      | Found a staircase to the Ecumenical Temple.
  3288 | D:4      | Reached skill level 5 in Ranged Weapons
  3351 | Temple   | Entered the Ecumenical Temple
  3418 | Temple   | Became a worshipper of Gozag Ym Sagoz the Greedy
  3566 | D:5      | Entered Level 5 of the Dungeon
  3839 | D:5      | Noticed Duvessa
  3841 | D:5      | Noticed Dowan
  3846 | D:5      | Killed Duvessa
  3847 | D:5      | Reached skill level 6 in Ranged Weapons
  3857 | D:5      | Gained mutation: You are robust. (+10% HP) [potion of
                  | mutation]
  3857 | D:5      | Gained mutation: Your muscles are strong. (Str +4, Int/Dex
                  | -1) [potion of mutation]
  3857 | D:5      | Gained mutation: You have a pair of small horns on your
                  | head. [potion of mutation]
  3859 | D:5      | Slain by Dowan

Illustrated notes

Levels and vault maps discovered:
D:1:      spicycebolla_arrival_xxxplode, layout_loops_corners, serial_shops,
          shop, ebering_ecumenical_altar_sacrificial
D:2:      layout_basic, st_stairs_3, pf_guarded_unrand_woodcutter
D:3:      minmay_general_purpose_star, layout_basic, general_overflow_altar,
          uniq_jessica, uniq_ijyb
D:4:      layout_loops_cross, minmay_temple_entry_drinking_statues,
          serial_shops, shop, uniq_robin
D:5:      layout_basic, nicolae_zen_rock_garden, uniq_duvessa
Temple:   nicolae_temple_bog_church

Skill      XL: |  1  2  3  4  5  6  7 |
---------------+----------------------+-----
Earth Magic    | 4 5 |  5.1
Ranged Weapons | 1 3 4 6 |  6.0
Spellcasting   | 3 |  3.3
Conjurations   | 1 2 4 |  4.0
Dodging        | |  1.6
Stealth        | |  2.3
Transmutations | |  0.9

Action                     |  1- 3 |  4- 6 |  7- 9 || total
---------------------------+-------+-------+-------++-------
  Melee: Dagger            |     1 |       |       ||     1
         Battleaxe         |       |     9 |       ||     9
   Fire: Arbalest          |     6 |   109 |    45 ||   160
   Cast: Sandblast         |    34 |    33 |    19 ||    86
         Stone Arrow       |       |     2 |     6 ||     8
    Use: Scroll            |       |     2 |       ||     2
         Potion            |       |       |     4 ||     4
 Armour: Robe              |     2 |    15 |    31 ||    48
  Dodge: Dodged            |     6 |    49 |    59 ||   114

Table legend: (Time is in decaauts)
 A = Elapsed time spent in this place.
 B = Non-inter-level travel time spent in this place.
 C = Inter-level travel time spent in this place.
 D = Time resting spent in this place.
 E = Time spent auto-exploring this place.
 F = Levels seen in this place.
 G = Mean time per level.
                   A        B        C        D        E       F      G
               +--------+--------+--------+--------+--------+-----+--------+
         Total |   4026 |   3910 |    116 |     81 |   3103 |   6 |  671.0 |
       Dungeon |   3837 |   3738 |     99 |     81 |   2948 |   5 |  767.4 |
        Temple |    189 |    172 |     17 |      0 |    155 |   1 |  189.0 |
               +--------+--------+--------+--------+--------+-----+--------+

Top non-repeatable levels by time:
     D:1: 1151 daAuts
     D:3: 1143 daAuts
     D:2: 751 daAuts
     D:4: 481 daAuts
     D:5: 309 daAuts
  Temple: 189 daAuts
